AoeStats
← s0828123

Highland

504707642Analyzed
3v3 RM · 26d ago on Sep 6, 2026· 60m 29s· 6 players
Game mode
Random Map
Map size
Normal (6 player)
Population
200
Speed
Normal
Resources
Standard
Victory
Conquest
Starting age
Dark Age
Ending age
Imperial Age
RankedLock teamsTeams togetherTeam positionsShared explorationLock speedFull tech treeHidden civsTurbo modeCheats
Victory
Defeat
🇨🇭 Koreans · Switzerland
1116
+12
🇹🇼 Spanish · Taiwan
1050
+15
🇹🇷 Britons · Türkiye
971
+18
🇭🇰 Britons · Hong Kong SAR China
1029
-15
🇭🇰 Spanish · Hong Kong SAR China
1024
-15
🇭🇰 Goths · Hong Kong SAR China
1019
-15
不知者
11:43 Feudal Age
12:15 Double-Bit Axe
16:42 Loom
20:22 Castle Age
18:20 Fletching
19:38 Gold Mining
20:35 Crossbowman
21:54 Bow Saw
24:17 Gold Shaft Mining
24:27 Wheelbarrow
24:14 Bodkin Arrow
26:16 Horse Collar
26:44 Padded Archer Armor
28:27 Stone Mining
30:29 Hand Cart
36:37 Imperial Age
34:56 Town Watch
36:38 Heavy Plow
36:58 Leather Archer Armor
37:14 Arbalester
38:25 Bracer
41:46 Siege Engineers
45:57 Conscription
46:55 Chemistry
46:21 Town Patrol
47:09 Yeomen
51:14 Elite Skirmisher
52:41 Ring Archer Armor
WKC
12:22 Feudal Age
16:35 Castle Age
16:05 Loom
17:53 Double-Bit Axe
17:51 Horse Collar
19:38 Bow Saw
19:34 Heavy Plow
26:37 Padded Archer Armor
29:45 Husbandry
32:18 Scale Barding Armor
37:03 Imperial Age
35:04 Bloodlines
35:16 Chain Barding Armor
35:06 Forging
35:35 Wheelbarrow
35:41 Wheelbarrow
34:52 Town Watch
37:10 Cavalier
38:30 Plate Barding Armor
38:31 Iron Casting
38:58 Chemistry
39:55 Hand Cart
39:42 Town Patrol
41:39 Two-Man Saw
41:20 Paladin
43:07 Light Cavalry
44:12 Conscription
45:37 Blast Furnace
45:51 Hussar
47:22 Masonry
50:52 Leather Archer Armor
s0828123
1:18 Loom
12:17 Feudal Age
17:15 Castle Age
15:29 Horse Collar
15:47 Double-Bit Axe
16:00 Gold Mining
20:27 Wheelbarrow
23:45 Hand Cart
27:23 Bow Saw
27:15 Heavy Plow
34:44 Imperial Age
36:21 Squires
36:57 Stone Mining
39:25 Anarchy
39:26 Perfusion
38:55 Pikeman
41:08 Crop Rotation
40:59 Caravan
41:16 Town Watch
41:43 Halberdier
44:09 Chemistry
43:07 Murder Holes
43:52 Conscription
44:47 Two-Man Saw
43:30 Man-at-Arms
44:21 Scale Mail Armor
44:32 Forging
43:54 Long Swordsman
47:09 Two-Handed Swordsman
47:45 Champion
49:39 Town Patrol
52:24 Chain Mail Armor
52:44 Iron Casting
FreakinAndry
11:28 Feudal Age
11:50 Loom
12:51 Double-Bit Axe
14:49 Wheelbarrow
19:29 Castle Age
19:06 Fletching
23:13 Bow Saw
23:51 Medium Warships
24:30 Hand Cart
33:48 Imperial Age
36:11 Chemistry
35:17 Siege Engineers
35:08 Gold Mining
38:17 Bodkin Arrow
38:48 Conscription
41:32 Gold Shaft Mining
40:28 Elite War Wagon
41:54 Heavy Warships
42:58 Caravan
43:48 Ballistics
46:51 Eupseong
52:22 Bracer
52:34 Forging
52:29 Scale Barding Armor
54:34 Elite Skirmisher
55:19 Thumb Ring
mzk_TsushimaRiko
1:11 Loom
12:15 Feudal Age
15:30 Fishing Lines
15:46 Double-Bit Axe
20:00 Castle Age
18:36 Wheelbarrow
18:41 Wheelbarrow
18:23 Gold Mining
20:48 Gillnets
22:15 Bow Saw
28:17 Imperial Age
26:41 Ballistics
27:33 Fortified Wall
28:40 Masonry
28:43 Clinker Construction
29:59 Chemistry
29:14 Clinker Construction
29:17 Careening
30:29 Elite Cannon Galleon
34:10 Carvel Hull
35:52 Caravan
42:26 Shipwright
45:19 Scale Barding Armor
45:24 Forging
49:47 Coinage
49:28 Guilds
49:09 Cavalier
49:49 Husbandry
49:59 Bloodlines
50:12 Chain Barding Armor
50:28 Iron Casting
49:53 Scale Mail Armor
49:54 Padded Archer Armor
49:44 Fletching
50:59 Banking
50:43 Paladin
50:44 Light Cavalry
54:06 Plate Barding Armor
54:31 Blast Furnace
54:23 Leather Archer Armor
54:04 Bodkin Arrow
54:24 Chain Mail Armor
Yojimbo
10:34 Feudal Age
11:19 Horse Collar
11:25 Double-Bit Axe
11:46 Loom
16:00 Fletching
23:34 Castle Age
21:26 Gold Mining
21:27 Stone Mining
22:37 Padded Archer Armor
24:42 Heavy Plow
25:22 Wheelbarrow
25:08 Fishing Lines
25:11 Crossbowman
26:07 Bodkin Arrow
26:25 Bow Saw
26:40 Hand Cart
30:57 Ballistics
33:16 Imperial Age
31:26 Yeomen
32:18 Leather Archer Armor
32:07 Town Watch
32:31 Elite Skirmisher
35:00 Elite Longbowman
36:01 Conscription
36:37 Gold Shaft Mining
35:28 Arbalester
36:13 Bracer
36:44 Ring Archer Armor
38:41 Two-Man Saw
39:20 Forging
39:11 Scale Mail Armor
38:46 Elite Longbowman
39:32 Man-at-Arms
39:58 Gambesons
40:15 Squires
40:02 Arson
40:53 Iron Casting
41:24 Chemistry
40:08 Long Swordsman
41:47 Two-Handed Swordsman
41:54 Two-Handed Swordsman
42:36 Champion
45:01 Chain Mail Armor
45:47 Blast Furnace
45:09 Siege Engineers
44:59 Murder Holes
51:03 Caravan
52:06 Plate Mail Armor
53:18 Hoardings
54:05 Pikeman
55:09 Halberdier
58:35 Coinage
Connection lost

Rejoining the realm…

Still unreachable

The connection could not be restored.

Session expired

The server has moved on; the page needs a fresh start.